 Dungeon Crawl Stone Soup version 0.28-a0-643-g84cb2ea78e (webtiles) character file.

Game seed: 12727894103238388916

396514 karkarkar the Slayer (level 21, 0/217 HPs)
             Began as a Minotaur Fighter on Oct 10, 2021.
             Was a High Priest of the Shining One (penitent).
             Slain by a stone giant (8 damage)
             ... on level 5 of the Vaults on Oct 11, 2021.
             The game lasted 03:19:20 (49125 turns).

karkarkar the Slayer (Minotaur Fighter)            Turns: 49125, Time: 03:19:21

Health: 0/217      AC: 38    Str: 22    XL:     21   Next: 87%
Magic:  37/41      EV: 11    Int:  6    God:    the Shining One [*]
Gold:   1881       SH: 17    Dex: 15    Spells: 20/20 levels left

rFire   + + +      SeeInvis .   a - +3 broad axe (vorpal)
rCold   . . .      Faith    .   D - +4 kite shield of Nihilism {rF++}
rNeg    + + +      Spirit   .   P - +4 plate armour
rPois   +          Reflect  .   U - +2 hat
rElec   .          Harm     .   d - +2 ratskin cloak {*Rats rPois rN+ Str-1 Int-1 Dex+1}
rCorr   +          Rampage  +   C - +0 pair of gloves of Duecre {Rampage rPois}
Will    +....                   i - +0 pair of boots {Stlth+}
Stlth   ..........              G - amulet of Yqifyt {Regen+ Str+3 Dex+3}
HPRegen 1.46/turn               y - ring of the Kraken {rF+ rCorr MP+9 AC+4 Stlth-}
MPRegen 0.27/turn               h - ring of Charity {+Blink Fly rN+ rCorr Str-4}

@: about to teleport, flying, studying Summonings
A: horns 2, retaliatory headbutt, weak 2
}: 3/15 runes: barnacled, slimy, gossamer
a: Renounce Religion, Evoke Blink


You were on level 5 of the Vaults.
You worshipped the Shining One.
The Shining One was demanding penance.
You visited 9 branches of the dungeon, and saw 45 of its levels.
You visited the Abyss 2 times.

You collected 5972 gold pieces.
You spent 4091 gold pieces at shops.

Inventory:

Hand Weapons
 a - a +3 vorpal broad axe (weapon)
 b - a +9 broad axe of flaming
Missiles
 w - 4 datura-tipped darts
 M - 11 atropa-tipped darts
 N - 9 silver javelins
 V - 6 curare-tipped darts
Armour
 d - the +2 ratskin cloak (worn) {*Rats rPois rN+ Str-1 Int-1 Dex+1}
   (You acquired it on level 3 of the Shoals)

   When the wearer is hurt, rats may emerge from it to assist them.
   Str:       It affects your strength (-1).
   Int:       It affects your intelligence (-1).
   Dex:       It affects your dexterity (+1).
   rPois:     It protects you from poison.
   rN:        It protects you from negative energy.
 i - a +0 pair of boots of stealth (worn)
 s - the +8 chain mail of Impermeability {Rampage Will+++ Int-5 SInv}
   (You found it on level 15 of the Dungeon)

   Int:       It affects your intelligence (-5).
   SInv:      It lets you see invisible.
   Rampage:   It bestows one free step when moving towards enemies.
   Will:      It greatly increases your willpower.
 C - the +0 pair of gloves of Duecre (worn) {Rampage rPois}
   (You found it on level 1 of the Spider Nest)

   rPois:     It protects you from poison.
   Rampage:   It bestows one free step when moving towards enemies.
 D - the +4 kite shield of Nihilism (worn) {rF++}
   (You acquired it on level 3 of the Elven Halls)

   rF:        It greatly protects you from fire.
 P - a +4 plate armour (worn)
 U - a +2 hat (worn)
Jewellery
 c - the ring of the Good {Will+ MP+9}
   (You found it on level 3 of the Elven Halls)

   [ring of magical power]

   MP:        It affects your magic capacity (+9).
   Will:      It increases your willpower.
 f - an amulet of reflection
 h - the ring of Charity (right hand) {+Blink Fly rN+ rCorr Str-4}
   (You found it on level 4 of the Spider Nest)

   [ring of resist corrosion]

   Str:       It affects your strength (-4).
   rN:        It protects you from negative energy.
   Fly:       It grants you flight.
   +Blink:    It lets you blink.
   rCorr:     It protects you from acid and corrosion.
 v - the amulet "Zeen" {rN+ Regen+}
   (You found it on level 3 of the Elven Halls)

   [amulet of regeneration]

   rN:        It protects you from negative energy.
   Regen:     It increases your rate of health regeneration.
 y - the ring of the Kraken (left hand) {rF+ rCorr MP+9 AC+4 Stlth-}
   (You bought it in a shop on level 1 of the Elven Halls)

   [ring of protection]

   AC:        It affects your AC (+4).
   rF:        It protects you from fire.
   MP:        It affects your magic capacity (+9).
   rCorr:     It protects you from acid and corrosion.
   Stlth:     It makes you less stealthy.
 G - the amulet of Yqifyt (around neck) {Regen+ Str+3 Dex+3}
   (You acquired it on level 2 of the Orcish Mines)

   [amulet of regeneration]

   Str:       It affects your strength (+3).
   Dex:       It affects your dexterity (+3).
   Regen:     It increases your rate of health regeneration.
 T - the amulet of the Air {Inacc Air Fly rElec RMsl}
   (You found it on level 5 of the Pits of Slime)

   [amulet of nothing]

   It reduces the accuracy of all your attacks.
   It enhances your air magic.
   rElec:     It insulates you from electricity.
   Fly:       It grants you flight.
   RMsl:      It protects you from missiles.
Wands
 r - a wand of flame (76)
 x - a wand of charming (26)
 A - a wand of polymorph (49)
 B - a wand of acid (43) (quivered)
 K - a wand of digging (27)
 L - a wand of paralysis (24)
 Q - a wand of iceblast (75)
Scrolls
 e - 7 scrolls of enchant armour
 j - 8 scrolls of noise
 l - 7 scrolls of magic mapping
 m - 3 scrolls of immolation
 o - 11 scrolls of teleportation
 E - 7 scrolls of amnesia
 I - a scroll of blinking
 O - 3 scrolls of fog
 R - 2 scrolls of holy word
 S - a scroll of fear
 X - 2 scrolls of summoning
Potions
 g - 5 potions of heal wounds
 k - 17 potions of curing
 p - 9 potions of haste
 q - a potion of cancellation
 u - a potion of magic
 z - 4 potions of flight
 H - 9 potions of brilliance
 J - 9 potions of might
 W - 15 potions of ambrosia
 Y - 5 potions of attraction
 Z - 4 potions of mutation
Miscellaneous
 t - a tin of tremorstones (2/2)
 F - a box of beasts


   Skills:
 + Level 25.1 Fighting
 - Level 18.0 Axes
 + Level 10.3 Throwing
 + Level 22.4 Armour
 + Level 7.2 Dodging
 + Level 4.0 Stealth
 - Level 15.0 Shields
 + Level 16.9 Invocations
 + Level 7.6 Evocations


You had 20 spell levels left.
You didn't know any spells.
Your spell library contained the following spells:

 Spells                   Type           Power      Damage    Failure   Level
 Animate Skeleton         Necr           0%         N/A       95%         1
 Apportation              Tloc           0%         N/A       95%         1
 Freeze                   Ice            0%         1d3       95%         1
 Pain                     Necr           0%         1d4       95%         1
 Sandblast                Erth           0%         2d4       95%         1
 Sting                    Tmut/Pois      0%         1d3       95%         1
 Summon Small Mammal      Summ           0%         N/A       95%         1
 Blink                    Tloc           N/A        N/A       99%         2
 Corpse Rot               Necr/Air       N/A        N/A       99%         2
 Ensorcelled Hibernation  Hex/Ice        0%         N/A       99%         2
 Passwall                 Tmut/Erth      0%         N/A       99%         2
 Poisonous Vapours        Pois/Air       0%         N/A       99%         2
 Scorch                   Fire           0%         2d5       99%         2
 Static Discharge         Conj/Air       0%         N/A       99%         2
 Conjure Flame            Conj/Fire      0%         6-21      100%        3
 Dazzling Flash           Conj/Hex       0%         N/A       100%        3
 Frozen Ramparts          Ice            0%         1d2       100%        3
 Ignite Poison            Fire/Tmut/Pois 0%         N/A       100%        3
 Lesser Beckoning         Tloc           0%         N/A       100%        3
 Ozocubu's Armour         Ice            0%         N/A       100%        3
 Spider Form              Tmut/Pois      0%         N/A       100%        3
 Stone Arrow              Conj/Erth      0%         3d7       100%        3
 Tukima's Dance           Hex            0%         N/A       100%        3
 Vampiric Draining        Necr           0%         2d6       100%        3
 Animate Armour           Summ/Erth      0%         N/A       100%        4
 Animate Dead             Necr           0%         N/A       100%        4
 Dispel Undead            Necr           0%         3d6       100%        4
 Flame Wave               Conj/Fire      0%         3d3       100%        4
 Hailstorm                Conj/Ice       0%         3d3       100%        4
 Ice Form                 Ice/Tmut       0%         N/A       100%        4
 Iskenderun's Mystic Bla  Conj/Tloc      0%         2d3       100%        4
 Leda's Liquefaction      Hex/Erth       0%         N/A       100%        4
 Passage of Golubria      Tloc           N/A        N/A       100%        4
 Petrify                  Tmut/Erth      0%         N/A       100%        4
 Sticky Flame             Conj/Fire      0%         2d3       100%        4
 Summon Ice Beast         Ice/Summ       0%         N/A       100%        4
 Alistair's Intoxication  Tmut/Pois      0%         N/A       100%        5
 Borgnjor's Vile Clutch   Necr/Erth      0%         N/A       100%        5
 Fireball                 Conj/Fire      0%         3d3       100%        5
 Irradiate                Conj/Tmut      0%         3d14      100%        5
 Iskenderun's Battlesphe  Conj           0%         2d6       100%        5
 Lee's Rapid Deconstruct  Erth           0%         3d5*      100%        5
 Lightning Bolt           Conj/Air       0%         1d11      100%        5
 Manifold Assault         Tloc           0%         N/A       100%        5
 Metabolic Englaciation   Hex/Ice        0%         N/A       100%        5
 Summon Mana Viper        Hex/Summ       0%         N/A       100%        5
 Yara's Violent Unravell  Hex/Tmut       0%         3d3       100%        5
 Conjure Ball Lightning   Conj/Air       0%         3x3d6     100%        6
 Death Channel            Necr           0%         N/A       100%        6
 Dispersal                Tloc           0%         N/A       100%        6
 Iron Shot                Conj/Erth      0%         9d1       100%        6
 Simulacrum               Ice/Necr       0%         N/A       100%        6
 Starburst                Conj/Fire      0%         6d3       100%        6
 Statue Form              Tmut/Erth      0%         N/A       100%        6
 Summon Cactus Giant      Summ           0%         N/A       100%        6
 Malign Gateway           Summ/Tloc      0%         N/A       100%        7
 Orb of Destruction       Conj           0%         N/A       100%        7
 Spellforged Servitor     Conj/Summ      0%         N/A       100%        7
 Discord                  Hex            0%         N/A       100%        8
 Disjunction              Tloc           0%         N/A       100%        8
 Ignition                 Fire           0%         3d3       100%        8
 Lehudib's Crystal Spear  Conj/Erth      0%         10d2      100%        8
 Maxwell's Capacitive Co  Air            0%         ∞         100%        8
 Chain Lightning          Conj/Air       0%         N/A       100%        9


Dungeon Overview and Level Annotations

Branches:
Dungeon (15/15)            Temple (1/1) D:6            Lair (6/6) D:8
 Shoals (4/4) Lair:2       Spider (4/4) Lair:2        Slime (5/5) Lair:6
    Orc (2/2) D:12            Elf (3/3) Orc:2        Vaults (5/5) D:14
  Crypt (0/3) Vaults:2     Depths (0/4) D:15

Altars:
Ashenzari
Cheibriados
Dithmenos
Elyvilon
Fedhas
Gozag
Hepliaklqana
Kikubaaqudgha
Makhleb
Nemelex Xobeh
Okawaru
Qazlal
Ru
Sif Muna
Trog
Uskayaw
Vehumet
Wu Jian
Xom
Yredelemnul
Zin
The Shining One
Jiyva

Shops:
D:2 [   D:4 (   D:13 (   Orc:2 ![(?*   Elf:1 =   Shoals:3 (   Vaults:1 :
Vaults:2 !   Vaults:3 :=   Vaults:4 **

Portals:
Trove: D:11 (give +3 ice dragon scales)

Annotations:
D:14 Roxanne
Shoals:3 3 runed translucent doors, Muonk's ghost, adept DjFE
Elf:2 3 runed translucent doors, 1 exclusion
Elf:3 exclusion: orange crystal statue
Vaults:1 3 runed translucent doors, dolemite99's ghost, adept MiHu
Vaults:3 3 runed translucent doors, Silenth's ghost, adept DrFE


Innate Abilities, Weirdness & Mutations

You have a pair of horns on your head.
You reflexively headbutt those who attack you in melee.
You are very weak. (Str -4)


Message History

The tengu reaver gestures at you while chanting.
The bolt of lightning hits you!! You block the stone giant's attack.
A deep elf demonologist comes into view.
It is wielding a +0 long sword of protection.
The vault sentinel blows a loud note on a signal horn!
You block the yaktaur captain's attack.
You hear a shout!
You hear a horrible gurgling sound!
You hear a shout! x7
You slice the stone giant!!
You kill the stone giant!
You hit the stone giant. You hit the fire giant.
The tengu reaver blocks your attack.
You hit the yaktaur captain. The tengu reaver casts a spell at you.
The bolt of negative energy hits you but does no damage.
You resist.
The tengu reaver points at you and mumbles some strange words.
The bolt of lightning hits you!!!
* * * LOW HITPOINT WARNING * * *
The stone giant barely misses you. The vault warden blocks your attack.
The vault warden is moderately wounded.
You hit the yaktaur captain. You slash the tengu reaver!
You hit the fire giant but do no damage.
You slash the stone giant! The yaktaur captain hits you!
* * * LOW HITPOINT WARNING * * *
The tengu reaver barely misses you.
As you read the scroll of teleportation, it crumbles to dust.
You feel strangely unstable.
The tengu reaver hits you with a +2 long sword!!
* * * LOW HITPOINT WARNING * * *
A river rat scurries out from under your cloak.
The tengu reaver pecks you but does no damage.
The tengu reaver claws you but does no damage.
The deep elf demonologist gestures wildly while chanting.
You block the vault warden's attack.
A shadow dragon comes into view.
The stone giant hits you!
* * * LOW HITPOINT WARNING * * *
The yaktaur captain hits you but does no damage.
The fire giant hits you but does no damage.
The stone giant hits you!
You die...

..... #....#
.....##.?..# #
......#....# ..
....#....#...
............
###########D..))...##
.....)..1Ce)))<<)....
..?....C@pDc.<.)<....
.......CQcQ.))<<)....
......r.p..))))......
###########..))....##
...........
##.#....#...
#.#....#..# #.#....#
.. .# ..#


You could see a Hell Sentinel (summoned), 2 shadow dragons, a fire giant, 2
stone giants, a vault warden (ally target), 2 tengu reavers, 2 yaktaur captains,
a deep elf demonologist, a vault sentinel (catching breath) and a friendly river
rat.

Vanquished Creatures
  the Royal Jelly (Slime:5)
  Arachne (Spider:4)
  A tentacled monstrosity (Vaults:5)
  Rupert (D:14)
  A lich (Vaults:2)
  11 acid blobs
  Polyphemus (Shoals:4)
  Agnes (D:14)
  2 tentacled starspawn (Abyss:2)
  A sphinx (Vaults:4)
  A storm dragon (Vaults:5)
  2 tengu reavers (Vaults:4)
  10 azure jellies
  3 rockslimes
  A revenant (Vaults:2)
  2 fire giants
  Aizul (Elf:1)
  A balrug (Abyss:2)
  Louise (D:14)
  2 deep elf sorcerers (Elf:3)
  8 emperor scorpions
  3 ghost moths
  14 vault wardens
  2 deep elf elementalists (Elf:3)
  14 ironbound preservers
  5 quicksilver oozes
  6 very ugly things
  2 stone giants
  6 deep elf annihilators
  A spark wasp (Spider:3)
  3 deep elf demonologists (Elf:3)
  3 entropy weavers
  An eidolon (Vaults:1)
  7 dire elephants
  A deep elf death mage (Elf:3)
  An ettin (Vaults:2)
  6 merfolk impalers (Shoals:4)
  Snorg (Lair:5)
  5 merfolk javelineers
  11 yaktaur captains
  6 great orbs of eyes
  13 hydras
  6 ironbound thunderhulks
  32 vault guards
  Harold (D:7)
  4 catoblepae
  A merfolk avatar (Shoals:4)
  11 centaur warriors
  3 two-headed ogres
  8 ironbound frosthearts
  5 boulder beetles
  3 merfolk aquamancers (Shoals:4)
  11 dancing weapons
  15 death yaks
  A satyr (Shoals:3)
  A deep troll shaman (Lair:6)
  3 tengu warriors
  3 thrashing horrors
  3 orc high priests (Orc:2)
  Urug (Lair:4)
  9 deep elf knights
  A titan zombie (Vaults:4)
  A wretched star (Abyss:2)
  13 sea snakes
  3 skeletal warriors (D:15)
  38 deep trolls
  6 lindwurms
  6 wizards
  A glowing orange brain (Slime:2)
  A flayed ghost (Vaults:1)
  21 ironbound convokers
  2 phantasmal warriors (Vaults:2)
  2 necromancers
  4 deep elf archers
  15 deep elf pyromancers
  23 deep elf zephyrmancers
  23 orb spiders
  19 harpies
  25 ugly things
  5 orc knights
  2 large abominations
  23 wolf spiders
  5 orc sorcerers (Orc:2)
  3 cyclopes
  4 fauns (Shoals:1)
  2 shining eyes
  A fire giant zombie (D:15)
  8 manticores
  A tengu skeleton (Vaults:4)
  19 elephants
  A rust devil (Abyss:2)
  A moth of wrath (Spider:3)
  7 water nymphs
  2 merfolk sirens (Shoals:2)
  A smoke demon (Abyss:2)
  2 torpor snails (Lair:6)
  2 eyes of devastation
  10 black mambas
  12 vault sentinels
  A cane toad (shapeshifter) (D:13)
  17 cane toads
  A gargoyle (D:11)
  6 rime drakes
  Psyche (D:8)
  6 komodo dragons
  An orange demon (Abyss:2)
  23 yaktaurs
  A tengu conjurer (D:13)
  2 freezing wraiths (Vaults:2)
  2 ice devils (Lair:3)
  15 starcursed masses (Abyss:2)
  3 efreet
  An ancient zyme (Abyss:3)
  9 demonic crawlers
  A harpy zombie (Abyss:2)
  17 merfolk
  A queen bee (D:12)
  A polar bear (Lair:6)
  6 hornets
  7 trolls
  2 meliai (D:12)
  5 wind drakes
  48 jumping spiders
  7 dream sheep
  4 raiju (Abyss:2)
  13 blink frogs
  89 slime creatures
  9 snapping turtles
  2 air elementals (Elf:1)
  84 redbacks
  Sigmund (D:4)
  33 tarantellas
  3 small abominations (Abyss:2)
  3 shadows
  A wyvern (Lair:2)
  2 ynoxinuls (Abyss:2)
  5 wraiths
  43 yaks
  3 vampires
  4 water elementals
  A basilisk (Lair:1)
  Eustachio (D:5)
  2 fire elementals
  8 golden eyes
  A steam dragon (D:7)
  3 vampire mosquitoes (D:12)
  Menkaure (D:7)
  3 acid dragons
  17 water moccasins
  A floating eye (Slime:5)
  Duvessa (D:7)
  A sky beast (D:6)
  14 orc warriors
  A black bear (Lair:6)
  An ice beast (D:8)
  7 ogres
  4 boggarts (Vaults:2)
  13 wolves
  13 centaurs
  3 kobold brigands
  13 bullfrogs
  An earth elemental (Elf:1)
  5 scorpions
  2 water moccasin zombies (D:6)
  Dowan (D:7)
  The ghost of mordus the Chopper, a weakling HOMo (D:3)
  21 killer bees (D:12)
  3 wights (D:7)
  3 electric eels
  2 howler monkeys
  4 centaur zombies
  A human simulacrum (Vaults:4)
  A jelly (D:8)
  3 gnoll shamans
  6 hounds
  16 orc priests
  2 bullfrog skeletons
  An iguana (D:5)
  17 orc wizards
  6 hell rats (Lair:4)
  A hound zombie (D:5)
  2 hound skeletons (D:5)
  A howler monkey zombie (D:9)
  3 adders
  15 gnolls
  A shadow imp (D:5)
  A white imp (Abyss:3)
  2 ufetubi
  An adder skeleton (D:4)
  2 worms
  2 dart slugs
  61 orcs
  8 ball pythons
  4 bats
  4 endoplasms
  2 giant cockroaches
  8 goblins
  11 hobgoblins
  3 jackals
  2 quokkas
  19 kobolds
  A quokka skeleton (D:4)
  5 rats
  2 starspawn tentacles (Abyss:2)
  A withered plant (D:15)
1450 creatures vanquished.

Vanquished Creatures (collateral kills)
  Sojobo (Vaults:4)
  Nikola (Shoals:4)
  2 deep elf blademasters (Elf:3)
  3 acid blobs (Slime:5)
  2 deep elf master archers (Elf:3)
  A rockslime (Slime:5)
  An azure jelly (Slime:2)
  A ghost moth (Spider:4)
  An emperor scorpion (Spider:4)
  An ironbound preserver (Vaults:1)
  2 deep elf sorcerers
  A quicksilver ooze (Slime:5)
  A very ugly thing (Vaults:2)
  3 deep elf demonologists (Elf:3)
  A spark wasp (Spider:4)
  2 deep elf death magi (Elf:3)
  An eidolon (Vaults:1)
  A merfolk impaler (Shoals:4)
  A yaktaur captain (Vaults:1)
  2 great orbs of eyes (Slime:5)
  2 deep elf high priests (Elf:3)
  3 vault guards
  An ironbound frostheart (Vaults:1)
  A centaur warrior (D:15)
  A dancing weapon (Elf:1)
  A merfolk aquamancer (Shoals:4)
  A vampire mage (D:15)
  4 deep elf knights
  A wretched star (Abyss:2)
  2 skeletal warriors (D:15)
  2 sea snakes (Shoals:2)
  3 deep trolls (Vaults:1)
  2 wizards (Vaults:2)
  5 deep elf archers
  2 harpies (Shoals:4)
  An orb spider (Spider:4)
  6 deep elf pyromancers
  2 deep elf zephyrmancers (Elf:3)
  A shining eye (Slime:5)
  3 wolf spiders (Spider:4)
  A moth of wrath (Spider:4)
  5 ugly things
  A spriggan zombie (D:15)
  A merfolk siren (Shoals:4)
  3 vault sentinels
  A guardian mummy (D:15)
  8 slime creatures
  2 snapping turtles
  A fire elemental (Elf:1)
  3 water elementals
  A centaur (D:15)
  An earth elemental (Elf:2)
  2 tengu zombies (D:15)
  An orc wizard (D:5)
  3 orcs (D:5)
107 creatures vanquished.

Vanquished Creatures (others)
  A deep elf knight (Elf:1)
  A deep elf zephyrmancer (Elf:3)
  An orb spider (Spider:4)
  2 redbacks
  A small abomination (Abyss:2)
  An orc wizard (Orc:2)
  2 orcs (Orc:2)
  A bush (Lair:6)
  59 fungi
  A lurking horror (Abyss:2)
  91 plants
  2 starspawn tentacles (Abyss:2)
  3 withered plants (D:15)
166 creatures vanquished.

Grand Total: 1723 creatures vanquished

Notes
Turn   | Place    | Note
-------+----------+-------------------------------------------
     0 | D:1      | karkarkar the Minotaur Fighter began the quest for the Orb.
     0 | D:1      | Reached XP level 1. HP: 19/19 MP: 0/0
   363 | D:1      | Reached XP level 2. HP: 27/27 MP: 1/1
   609 | D:1      | Reached skill level 4 in Fighting
   640 | D:1      | Found a faded altar of an unknown god.
   643 | D:1      | Reached XP level 3. HP: 29/33 MP: 2/2
  1317 | D:2      | Found Afuly's Armour Boutique.
  1369 | D:2      | Reached XP level 4. HP: 40/40 MP: 3/3
  2300 | D:3      | Reached XP level 5. HP: 47/47 MP: 4/4
  2513 | D:3      | Found a runed translucent door.
  2514 | D:3      | Noticed mordus's ghost (weakling HOMo)
  2577 | D:3      | You fall into a shaft and drop 1 floor!
  2632 | D:4      | Found a shadowy altar of Dithmenos.
  2649 | D:4      | Reached skill level 5 in Axes
  2743 | D:4      | Noticed an ogre
  2757 | D:4      | Killed an ogre
  3267 | D:4      | Reached XP level 6. HP: 55/55 MP: 5/5
  3300 | D:3      | Found a white marble altar of Elyvilon.
  3785 | D:4      | Reached skill level 1 in Throwing
  3788 | D:4      | Reached skill level 5 in Armour
  3960 | D:4      | Noticed Sigmund
  4093 | D:4      | Found Fiawy's Weapon Shoppe.
  4229 | D:4      | Killed Sigmund
  4230 | D:4      | Reached skill level 5 in Fighting
  4230 | D:4      | Reached XP level 7. HP: 29/61 MP: 6/6
  5099 | D:4      | Bought 4 datura-tipped darts for 20 gold pieces
  5181 | D:5      | Entered Level 5 of the Dungeon
  5236 | D:5      | Reached skill level 1 in Evocations
  5441 | D:5      | Noticed Eustachio
  5620 | D:5      | Reached XP level 8. HP: 58/69 MP: 7/7
  5748 | D:5      | Found a basalt altar of Yredelemnul.
  6001 | D:6      | Reached skill level 6 in Fighting
  6160 | D:6      | Reached skill level 5 in Shields
  6165 | D:6      | Identified a scroll of acquirement
  6166 | D:6      | Acquired 769 gold pieces
  6218 | D:5      | Killed Eustachio
  6325 | D:3      | Killed mordus's ghost
  6410 | D:2      | Bought a +2 pair of gloves of dexterity for 236 gold pieces
  6410 | D:2      | Bought a +2 plate armour of cold resistance for 440 gold
                  | pieces
  6554 | D:6      | Found a staircase to the Ecumenical Temple.
  6600 | D:6      | Reached XP level 9. HP: 74/78 MP: 8/8
  6695 | D:6      | Reached skill level 10 in Axes
  6928 | D:7      | Noticed Duvessa
  6928 | D:7      | Noticed Dowan
  6933 | D:7      | Killed Dowan
  6938 | D:7      | Killed Duvessa
  6971 | Temple   | Entered the Ecumenical Temple
  7167 | Temple   | Became a worshipper of the Shining One
  7210 | D:7      | Reached skill level 7 in Fighting
  7210 | D:7      | Noticed Harold
  7218 | D:7      | Reached skill level 1 in Dodging
  7220 | D:7      | Killed Harold
  7524 | D:7      | Noticed Menkaure
  7526 | D:7      | Killed Menkaure
  7527 | D:7      | Reached skill level 8 in Fighting
  7568 | D:7      | Paralysed by a hornet for 1 turns
  7571 | D:7      | Paralysed by a hornet for 2 turns
  7575 | D:7      | Reached XP level 10. HP: 15/88 MP: 9/9
  8354 | D:8      | Reached skill level 1 in Stealth
  8426 | D:8      | Noticed Psyche
  8437 | D:8      | Killed Psyche
  8773 | D:8      | Reached * piety under the Shining One
  8979 | D:8      | Found a staircase to the Lair.
  9346 | D:9      | Found a burning altar of Makhleb.
  9348 | D:9      | Noticed a balrug
  9352 | D:9      | Noticed a smoke demon
  9352 | D:9      | Noticed a smoke demon
  9727 | D:10     | Entered Level 10 of the Dungeon
  9764 | D:10     | Noticed a two-headed ogre
  9771 | D:10     | Killed a two-headed ogre
  9772 | D:10     | Reached skill level 9 in Fighting
 10076 | D:10     | Reached XP level 11. HP: 90/97 MP: 10/10
 10087 | D:10     | Reached skill level 15 in Axes
 10147 | D:10     | Found a radiant altar of Vehumet.
 10300 | D:10     | Found an ornate altar of the Wu Jian Council.
 10394 | D:10     | Reached ** piety under the Shining One
 10966 | D:11     | Noticed a two-headed ogre
 10971 | D:11     | Killed a two-headed ogre
 10996 | D:11     | Noticed a five-headed hydra
 11003 | D:11     | Killed a three-headed hydra
 11351 | D:11     | Found a portal to a secret trove of treasure.
 11482 | D:11     | Reached skill level 10 in Fighting
 12145 | D:12     | Found a staircase to the Orcish Mines.
 12181 | D:12     | Noticed an orc knight
 12194 | D:12     | Killed an orc knight
 12509 | D:12     | Noticed a two-headed ogre
 12518 | D:12     | Killed a two-headed ogre
 12652 | D:12     | Found a blossoming altar of Fedhas.
 12696 | D:12     | Noticed a deep elf pyromancer
 12702 | D:12     | Killed a deep elf pyromancer
 12842 | D:12     | Reached skill level 11 in Fighting
 12845 | D:12     | Reached XP level 12. HP: 66/110 MP: 11/11
 13179 | D:12     | Reached *** piety under the Shining One
 13661 | Lair:1   | Entered Level 1 of the Lair of Beasts
 13787 | Lair:1   | Noticed a four-headed hydra
 13802 | Lair:1   | Killed a two-headed hydra
 13978 | Lair:1   | Reached skill level 10 in Shields
 14219 | Lair:1   | Reached skill level 5 in Throwing
 14229 | Lair:1   | Noticed a five-headed hydra
 14235 | Lair:1   | Killed a three-headed hydra
 14236 | Lair:1   | Reached skill level 1 in Invocations
 14863 | Lair:2   | Found an ornate altar of the Wu Jian Council.
 14863 | Lair:2   | Found a hide-covered altar of Uskayaw.
 14863 | Lair:2   | Noticed a boulder beetle
 14879 | Lair:2   | Killed a boulder beetle
 15168 | Lair:2   | Noticed a death yak
 15175 | Lair:2   | Noticed a death yak
 15176 | Lair:2   | Noticed a death yak
 15177 | Lair:2   | Killed a death yak
 15188 | Lair:2   | Noticed a death yak
 15345 | Lair:2   | Noticed a death yak
 15663 | Lair:2   | Found a hole to the Spider Nest.
 15832 | Lair:2   | Found a staircase to the Shoals.
 16207 | Lair:1   | Killed a death yak
 16208 | Lair:1   | Reached XP level 13. HP: 117/117 MP: 14/14
 17892 | Lair:3   | Found a frozen archway.
 18348 | Lair:4   | Reached skill level 5 in Invocations
 18348 | Lair:4   | Reached **** piety under the Shining One
 18555 | Lair:4   | Found a basalt altar of Yredelemnul.
 19035 | Lair:4   | Noticed Urug
 19042 | Lair:4   | Killed Urug
 19632 | Lair:5   | Got Koodol's Compendium of the Quantum Escort
 19803 | Lair:5   | Noticed Snorg
 19813 | Lair:5   | Killed Snorg
 20044 | Lair:6   | Entered Level 6 of the Lair of Beasts
 20044 | Lair:6   | Noticed a dire elephant
 20201 | Lair:6   | Reached XP level 14. HP: 98/125 MP: 17/17
 20514 | Lair:6   | Found a staircase to the Slime Pits.
 20514 | Lair:6   | Found a viscous altar of Jiyva.
 20543 | Lair:6   | Reached skill level 15 in Shields
 20623 | Lair:6   | Reached ***** piety under the Shining One
 20900 | Lair:6   | Reached skill level 5 in Evocations
 21636 | Lair:6   | Identified the +7 mace of Focus {venom, Dex+2}
 22351 | Orc:1    | Entered Level 1 of the Orcish Mines
 22564 | Orc:2    | Entered Level 2 of the Orcish Mines
 22744 | Orc:2    | Found Iqutah's Distillery.
 22745 | Orc:2    | Found a staircase to the Elven Halls.
 22904 | Orc:2    | Bought a potion of heal wounds for 70 gold pieces
 23221 | Orc:2    | Found a dark tunnel.
 23454 | Orc:2    | Reached XP level 15. HP: 131/132 MP: 20/20
 23487 | Orc:2    | Reached skill level 10 in Armour
 23702 | Orc:2    | Found Fyg Mud's Magic Scroll Shoppe.
 23702 | Orc:2    | Found Puruidd's General Store.
 23704 | Orc:2    | Found Siump's Armour Shoppe.
 23704 | Orc:2    | Found Pocwug's Weapon Boutique.
 23710 | Orc:2    | Bought a scroll of identify for 26 gold pieces
 23729 | Orc:2    | Bought a wand of digging (8) for 288 gold pieces
 23732 | Orc:2    | Bought a +0 cloak of poison resistance for 93 gold pieces
 23744 | Orc:2    | Bought a scroll of acquirement for 676 gold pieces
 23747 | Orc:2    | Acquired the amulet of Yqifyt {Regen+ Str+3 Dex+3}
 24090 | Shoals:1 | Entered Level 1 of the Shoals
 24613 | Shoals:1 | You fall into a shaft and drop 1 floor!
 25080 | Shoals:2 | Reached skill level 5 in Dodging
 25251 | Shoals:2 | Reached ****** piety under the Shining One
 25325 | Shoals:2 | Reached skill level 10 in Invocations
 25660 | Shoals:3 | Noticed Muonk's ghost (adept DjFE)
 25669 | Shoals:3 | Found a runed translucent gate.
 25669 | Shoals:3 | Found a runed translucent gate.
 25669 | Shoals:3 | Found a runed translucent gate.
 25882 | Shoals:3 | Found Puosemn's Firing Range.
 26300 | Shoals:3 | Acquired the +2 ratskin cloak {*Rats rPois rN+ Str-1 Int-1
                  | Dex+1}
 26300 | Shoals:3 | Found the +2 ratskin cloak {*Rats rPois rN+ Str-1 Int-1
                  | Dex+1}
 26320 | Shoals:4 | Entered Level 4 of the Shoals
 26320 | Shoals:4 | Noticed Polyphemus
 26381 | Shoals:4 | Killed Polyphemus
 26707 | Shoals:4 | Noticed Nikola
 26899 | Spider:1 | Entered Level 1 of the Spider Nest
 26912 | Spider:1 | Reached XP level 16. HP: 139/139 MP: 23/23
 26946 | Spider:1 | Reached skill level 15 in Armour
 27582 | Spider:1 | Identified the +0 pair of gloves of Duecre {Rampage rPois}
 29262 | Spider:4 | Entered Level 4 of the Spider Nest
 29262 | Spider:4 | Noticed Arachne
 29362 | Spider:4 | Killed Arachne
 29413 | Spider:4 | Reached XP level 17. HP: 110/146 MP: 25/25
 29483 | Spider:4 | Identified the ring of Charity {+Blink Fly rN+ rCorr Str-4}
 30092 | Spider:4 | Got a gossamer rune of Zot
 30274 | Spider:4 | Identified the +3 hand axe of the Exiled Brambles {freeze,
                  | Fragile rPois Str+2 Stlth+}
 30474 | Spider:4 | Reached skill level 12 in Fighting
 31206 | D:13     | Found Rokheut's Weapon Shop.
 31886 | D:13     | Found an opulent altar of Gozag.
 32292 | D:2      | Bought a +0 kite shield of fire resistance for 126 gold
                  | pieces
 32612 | Orc:2    | Bought a +0 pair of boots of stealth for 126 gold pieces
 32835 | D:14     | Noticed Roxanne
 32983 | D:14     | Found a glowing golden altar of the Shining One.
 32990 | D:14     | Noticed Rupert
 32993 | D:14     | Paralysed by Rupert for 2 turns
 33003 | D:14     | Killed Rupert
 33021 | D:14     | Noticed Louise
 33035 | D:14     | Cast into level 3 of the Abyss (Louise)
 33112 | D:14     | Escaped the Abyss
 33133 | D:14     | Cast into level 2 of the Abyss (Louise)
 33352 | Abyss:2  | Lost intelligence.
 33383 | Abyss:2  | Reached skill level 13 in Fighting
 33498 | Abyss:2  | Paralysed by accursed screaming for 1 turns
 33524 | Abyss:2  | Noticed a lich
 33527 | D:14     | Escaped the Abyss
 33561 | D:14     | Killed Louise
 33857 | D:14     | Noticed Agnes
 33874 | D:14     | Killed Agnes
 33983 | D:14     | Found a gate to the Vaults.
 34066 | D:15     | Entered Level 15 of the Dungeon
 34069 | D:15     | Found a staircase to the Depths.
 34077 | D:15     | Reached skill level 14 in Fighting
 34107 | D:15     | Reached XP level 18. HP: 160/160 MP: 26/26
 34801 | D:15     | Identified the +8 chain mail of Impermeability {Rampage
                  | Will+++ Int-5 SInv}
 35132 | Shoals:4 | Killed Nikola
 35158 | Shoals:4 | Reached skill level 15 in Fighting
 35549 | Shoals:4 | Got a barnacled rune of Zot
 35901 | Elf:1    | Entered Level 1 of the Elven Halls
 36132 | Elf:1    | Noticed Aizul
 36135 | Elf:1    | Paralysed by an air elemental for 1 turns
 36141 | Elf:1    | Reached skill level 16 in Fighting
 36152 | Elf:1    | Killed Aizul
 36168 | Elf:1    | Reached skill level 10 in Throwing
 36170 | Elf:1    | Paralysed by an air elemental for 1 turns
 36173 | Elf:1    | Paralysed by an air elemental for 1 turns
 36175 | Elf:1    | Paralysed by an air elemental for 1 turns
 36542 | Elf:1    | Found Acwarr's Jewellery Shop.
 36551 | Elf:1    | Bought the ring of the Kraken {rF+ rCorr MP+9 AC+4 Stlth-}
                  | for 1169 gold pieces
 37018 | Elf:2    | Found a runed translucent gate.
 37018 | Elf:2    | Found a runed translucent gate.
 37022 | Elf:2    | Found a runed translucent gate.
 37066 | Elf:3    | Entered Level 3 of the Elven Halls
 37184 | Elf:3    | Found a radiant altar of Vehumet.
 37228 | Elf:3    | Acquired the +4 kite shield of Nihilism {rF++}
 37335 | Elf:3    | Reached skill level 17 in Fighting
 37337 | Elf:3    | Noticed a Tzitzimitl
 37352 | Elf:3    | Noticed a Brimstone Fiend
 37360 | Elf:3    | Noticed a Hell Sentinel
 37377 | Elf:3    | Reached XP level 19. HP: 97/177 MP: 28/28
 37543 | Elf:3    | Identified the amulet "Zeen" {rN+ Regen+}
 37691 | Elf:3    | Got the Papyrus of Floating Contamination
 37830 | Elf:3    | Identified the ring of the Good {Will+ MP+9}
 38403 | Elf:3    | Identified the +7 falchion of the Lamprey {spect, *Rage
                  | rPois rN++ SInv}
 38417 | Elf:3    | Got the Almanac of Transmigration
 38430 | Elf:3    | Got the Compendium of Harmful Earth
 38964 | Slime:1  | Entered Level 1 of the Pits of Slime
 39120 | Slime:1  | Reached skill level 18 in Fighting
 39465 | Slime:2  | Reached skill level 15 in Invocations
 40005 | Slime:5  | Entered Level 5 of the Pits of Slime
 40123 | Slime:4  | Gained mutation: You are weak. (Str -2) [a shining eye]
 40577 | Slime:5  | Paralysed by a great orb of eyes for 4 turns
 40702 | Slime:5  | Reached skill level 19 in Fighting
 40865 | Slime:5  | Noticed the Royal Jelly
 40897 | Slime:5  | Killed the Royal Jelly
 40899 | Slime:5  | Gained mutation: You are very weak. (Str -4) [a shining
                  | eye]
 41112 | Slime:5  | Gained mutation: You are dopey. (Int -2) [a shining eye]
 41198 | Slime:5  | Lost mutation: You are dopey. (Int -2) [a shining eye]
 41389 | Slime:5  | Found the amulet of the Air {Inacc Air Fly rElec RMsl}
 41403 | Slime:5  | Identified the +1 leather armour of Pan-Flutes {Harm MP+9
                  | Int+6}
 41410 | Slime:5  | Got a slimy rune of Zot
 41534 | Slime:5  | Identified the +5 long sword "Jocifaps" {flame, rF- Str+3
                  | SInv Stlth+}
 42035 | Vaults:1 | Entered Level 1 of the Vaults
 42154 | Vaults:1 | Reached XP level 20. HP: 193/193 MP: 30/30
 42233 | Vaults:1 | Identified the +5 war axe "Yviuss" {freeze, +Blink Dex+4}
 42315 | Vaults:1 | Reached skill level 20 in Fighting
 42909 | Vaults:1 | Found Zanwif's Book Shoppe.
 43177 | Vaults:1 | Found a runed translucent gate.
 43177 | Vaults:1 | Found a runed translucent gate.
 43179 | Vaults:1 | Found a runed translucent gate.
 43180 | Vaults:1 | Noticed dolemite99's ghost (adept MiHu)
 43280 | Vaults:2 | Reached skill level 21 in Fighting
 44248 | Vaults:2 | Reached skill level 22 in Fighting
 44694 | Vaults:2 | Found Nuseab's Distillery.
 44702 | Vaults:2 | Bought a potion of heal wounds for 80 gold pieces
 44702 | Vaults:2 | Bought a potion of heal wounds for 80 gold pieces
 44702 | Vaults:2 | Bought a potion of heal wounds for 80 gold pieces
 44702 | Vaults:2 | Bought 2 potions of curing for 96 gold pieces
 44702 | Vaults:2 | Bought a potion of curing for 48 gold pieces
 44865 | Vaults:2 | Found a staircase to the Crypt.
 44978 | Vaults:2 | Reached XP level 21. HP: 188/210 MP: 32/32
 45250 | Vaults:3 | Found Umyimn's Jewellery Shoppe.
 45431 | Vaults:3 | Reached skill level 23 in Fighting
 45774 | Vaults:3 | Found Aceis's Book Shop.
 45977 | Vaults:3 | Noticed Silenth's ghost (adept DrFE)
 45978 | Vaults:3 | Found a runed translucent gate.
 45978 | Vaults:3 | Found a runed translucent gate.
 45978 | Vaults:3 | Found a runed translucent gate.
 46767 | Vaults:4 | Reached skill level 24 in Fighting
 46924 | Vaults:4 | Found Cishrah's Assorted Antiques.
 46932 | Vaults:4 | Found Olatema's General Store.
 46951 | Vaults:4 | Bought a scroll of blinking for 285 gold pieces
 47178 | Vaults:4 | Noticed Sojobo
 47201 | Vaults:4 | Killed Sojobo
 47983 | Vaults:4 | Bought a broad axe for 152 gold pieces
 49084 | Vaults:5 | Entered Level 5 of the Vaults
 49088 | Vaults:5 | Was placed under penance by the Shining One
 49089 | Vaults:5 | Reached skill level 25 in Fighting
 49125 | Vaults:5 | HP: 8/217 [stone giant (14)]
 49125 | Vaults:5 | Slain by a stone giant

Illustrated notes

Levels and vault maps discovered:
D:1:      dpeg_arrival_fog, layout_basic, basic_ecumenical_altar,
          minmay_tiny_reverse_x
D:2:      layout_rooms, serial_shops, nicolae_lakefront_shop
D:3:      layout_basic, nicolae_elyvilon_peaceful_grove,
          ebering_ghost_inner_flame, grunt_ministairs_15, fountainhead
D:4:      layout_loops_ring, nicolae_dithmenos_shadow_blocks, serial_shops,
          nicolae_inconvenience_store, grunt_ministairs_4, uniq_sigmund
D:5:      layout_rooms, mainiacjoe_overflow_chevrons, minmay_checkerbox,
          uniq_eustachio
D:6:      layout_cave_pools, minmay_temple_entry_mini_moons, serial_bayou_pond_e
D:7:      layout_cave_pools, grunt_decor_mini_mirrors, uniq_menkaure,
          uniq_harold, uniq_duvessa
D:8:      layout_basic, erik_lair_island, uniq_psyche
D:9:      layout_roguey, makhleb_altar_promises_db, st_stairs_9, minivault_25,
          kennysheep_decorative_pillar, minmay_misc_feat_four_crosses
D:10:     layout_long_grid, mainiacjoe_overflow_large_starburst,
          kennysheep_generic_room_10
D:11:     layout_cave_pods, enter_trove_2
D:12:     layout_roguey [special_room_bee], orc_0_dummy, fedhas_altar_3
D:13:     layout_loops_corners, serial_shops, shop, grunt_gozag_breadcrumbs
D:14:     layout_rooms, erik_vaults_1, nicolae_tso_carved_into_rock, uniq_agnes,
          uniq_louise, uniq_roxanne, uniq_rupert
D:15:     gammafunk_depths_entry_grave, layout_loops_ring
Temple:   nicolae_temple_elliptical
Lair:1:   layout_loops_ring
Lair:2:   layout_loops_ring, minmay_shoals_entry_hut,
          nicolae_spider_entry_tight_spaces, nzn_masters_of_martial_movement,
          infiniplex_staircase_pool_2, grunt_megastairs_4
Lair:3:   layout_cave_pods, portal_ice_cave_demonic_guard, grunt_megastairs_5
Lair:4:   layout_cave_pods, basic_altar, beast_lair_carwin_3, uniq_urug
Lair:5:   layout_misc_corridors, lemuel_fruit_fields, lemuel_fruit_fields,
          grunt_megastairs_3, uniq_snorg
Lair:6:   grunt_lair_end_beastmaster, layout_loops_ring, slime_altar_1,
          lookout_lair_type
Shoals:1: layout_shoals
Shoals:2: layout_shoals, nzn_prometheus_bound
Shoals:3: layout_shoals, gammafunk_ghost_split, nicolae_shop_firing_range
Shoals:4: shoals_end_hangedman, layout_shoals, uniq_nikola, uniq_polyphemus
Spider:1: layout_spider_delve
Spider:2: layout_spider_delve
Spider:3: layout_spider_delve, beargit_elvish_explorers
Spider:4: grunt_spider_rune_circles, uniq_arachne
Slime:1:  layout_caves
Slime:2:  layout_caves
Slime:3:  layout_caves
Slime:4:  layout_caves
Slime:5
Orc:1:    layout_caves
Orc:2:    grunt_orc_tribal_feast, layout_caves, enter_volcano_4, serial_shops,
          shop, hellmonk_bongcloud_opening
Elf:1:    eino_elf_arrival_customs, layout_rooms, serial_shops, shop,
          minivault_28, uniq_aizul
Elf:2:    elven_hall_of_blades_hangedman_original [mumra_blade_entry_dagger],
          layout_gridlike, serial_shops, shop_scrolls, small_statue_intersection
Elf:3:    grunt_elf_hall_diamonds, layout_onion_city, basic_altar, minivault_16
Vaults:1: gammafunk_ghost_spectres, grunt_vaults_focal, v_misc_2, v_misc_30,
          vaults_room_door_ring, vaults_mumra_hex,
          nicolae_vaults_little_squares_6, vaults_room_stairs_pillars,
          v_alt_pattern_6, v_misc_26, vaults_dpeg_spiral,
          hangedman_vaults_stretched_pinwheel, v_misc_5,
          nicolae_vaults_diagonal_hallway_8, layout_vaults_maze_snakey,
          serial_shops, shop
Vaults:2: v_misc_9, vaults_room_fours, v_rooms_1,
          minmay_crypt_entry_simple_round, nicolae_vaults_arrows, v_misc_13,
          v_misc_11, nicolae_vaults_alarming, vaults_room_stairs_pillars,
          hangedman_vaults_corner_blocks, nicolae_vaults_fighting_squares,
          ontoclasm_vaults_ring_small, ontoclasm_vaults_tryst,
          nicolae_vaults_little_squares_4, vaults_dpeg_hooks,
          layout_vaults_omnibox, serial_shops, nicolae_lakefront_shop
Vaults:3: gammafunk_ghost_split, vaults_room_grunt_arrival_ludios, v_misc_19,
          ontoclasm_vaults_chip, v_misc_15, ontoclasm_vaults_pinch,
          hangedman_vaults_restitches, vaults_room_stairs_pillars,
          grunt_vaults_hallway_short, vaults_dpeg_encased_lava,
          layout_vaults_chaotic_city, serial_shops, shop, shop
Vaults:4: v_misc_19, nicolae_vaults_asterisk, grunt_vaults_diagonal,
          vaults_mumra_minichess_inversion, ontoclasm_vaults_shuriken,
          nicolae_vaults_network_barrier, vaults_room_pool,
          grunt_vaults_hallway_short, layout_vaults_omnigrid, serial_shops,
          shop, nicolae_shop_trees, uniq_sojobo
Vaults:5: serial_shops

Skill      XL: |  1  2  3  4  5  6  7  8  9 10 11 12 13 14 15 16 17 18 19 20 21 |
---------------+----------------------------------------------------------------+-----
Shields        | 4 5 6 7 9 10 14 15 | 15.0
Armour         | 4 5 6 9 14 17 19 20 21 22 | 22.4
Fighting       | 4 5 6 8 9 11 14 17 19 22 25 | 25.1
Axes           | 3 4 5 6 7 9 12 14 16 18 | 18.0
Throwing       | 1 2 3 4 6 8 9 10 | 10.3
Evocations     | 1 2 3 4 5 6 7 |  7.6
Dodging        | 1 2 3 4 5 6 7 |  7.2
Stealth        | 1 2 3 4 |  4.0
Invocations    | 3 6 9 10 12 13 14 15 16 | 16.9

Action                   |  1- 3 |  4- 6 |  7- 9 | 10-12 | 13-15 | 16-18 | 19-21 || total
-------------------------+-------+-------+-------+-------+-------+-------+-------++-------
Melee: War axe           |    64 |   109 |   175 |   435 |    41 |       |       ||   824
       Headbutt          |    11 |    14 |    34 |   116 |   241 |   264 |   334 ||  1014
       Broad axe         |       |       |       |       |   800 |  1078 |  1171 ||  3049
Throw: Javelin           |       |    12 |     6 |    28 |     7 |    31 |     7 ||    91
       Throwing net      |       |     2 |       |     2 |     1 |       |       ||     5
       Dart              |       |       |     3 |     1 |    10 |    10 |       ||    24
       Boomerang         |       |       |       |       |     2 |       |       ||     2
Invok: Divine Shield     |       |       |       |     2 |     3 |     5 |       ||    10
       Summon Divine War |       |       |       |       |     1 |    12 |    13 ||    26
       Cleansing Flame   |       |       |       |       |       |    10 |    13 ||    23
Evoke: Wand              |       |    10 |     4 |    19 |    14 |    22 |     5 ||    74
  Use: Scroll            |     1 |     5 |    11 |     9 |    13 |    11 |    15 ||    65
       Potion            |       |     1 |     1 |       |     1 |     7 |     8 ||    18
Armor: Scale mail        |    18 |    17 |       |       |       |       |       ||    35
       Plate armour      |    14 |    44 |    71 |   141 |   274 |   537 |   491 ||  1572
Dodge: Dodged            |    30 |    53 |   101 |   144 |   275 |   432 |   270 ||  1305
Block: Buckler           |    11 |    25 |    42 |     2 |       |       |       ||    80
       Kite shield       |       |       |       |   188 |   394 |   701 |   705 ||  1988

Table legend: (Time is in decaauts)
 A = Elapsed time spent in this place.
 B = Non-inter-level travel time spent in this place.
 C = Inter-level travel time spent in this place.
 D = Time resting spent in this place.
 E = Time spent auto-exploring this place.
 F = Levels seen in this place.
 G = Mean time per level.
                   A        B        C        D        E       F      G
               +--------+--------+--------+--------+--------+-----+--------+
         Total |  48616 |  43481 |   5135 |   7300 |  24103 |  47 | 1034.4 |
       Dungeon |  18448 |  15379 |   3069 |   3410 |   8928 |  15 | 1229.9 |
        Temple |    215 |    187 |     28 |      0 |    162 |   1 |  215.0 |
          Lair |   9050 |   8111 |    939 |   1464 |   4991 |   6 | 1508.3 |
        Shoals |   3377 |   3184 |    193 |    326 |   1908 |   4 |  844.2 |
   Spider Nest |   3699 |   3553 |    146 |    495 |   1941 |   4 |  924.8 |
    Slime Pits |   2579 |   2579 |      0 |    907 |    162 |   5 |  515.8 |
  Orcish Mines |   1859 |   1625 |    234 |     77 |    794 |   2 |  929.5 |
   Elven Halls |   2771 |   2641 |    130 |    104 |   1527 |   3 |  923.7 |
        Vaults |   6137 |   5747 |    390 |    440 |   3558 |   5 | 1227.4 |
         Abyss |    477 |    477 |      0 |     76 |    131 |   2 |  238.5 |
               +--------+--------+--------+--------+--------+-----+--------+

Top non-repeatable levels by time:
     D:4: 2309 daAuts
  Lair:2: 2227 daAuts
  Lair:1: 1972 daAuts
    D:12: 1968 daAuts
  Lair:6: 1928 daAuts
    D:11: 1832 daAuts
Vaults:2: 1741 daAuts
Vaults:4: 1638 daAuts
   Elf:3: 1545 daAuts
Vaults:1: 1416 daAuts
   Orc:2: 1339 daAuts
Vaults:3: 1306 daAuts
     D:1: 1274 daAuts
     D:9: 1226 daAuts
     D:3: 1207 daAuts
